 Dungeon Crawl Stone Soup version 0.30-a0-626-gd6a5dd7a1f (webtiles) character file.

Game seed: 16106896450480579066

1089 acebull12 the Magician (level 8, -3/56 HPs)
             Began as a Djinni Ice Elementalist on Jan 11, 2023.
             Was an Initiate of Makhleb.
             Slain by a yak (17 damage)
             ... on level 5 of the Dungeon.
             The game lasted 00:21:33 (5728 turns).

acebull12 the Magician (Djinni Ice Elementalist)    Turns: 5728, Time: 00:21:34

Health: -3/56      AC:  3    Str:  7    XL:     8   Next: 56%
Gold:   219        EV: 12    Int: 18    God:    Makhleb [......] SH:  0 Dex: 15

rFire   + + .      SeeInvis .    A - +2 quarterstaff (chaos)
rCold   x . .      Faith    .    (shield currently unavailable)
rNeg    . . .      Spirit   .    a - +0 robe
rPois   ∞          Reflect  .    (no helmet)
rElec   .          Harm     .    z - +0 cloak {rCorr}
rCorr   +          Rampage  .    (no gloves)
Will    .....                    (boots unavailable)
Stlth   ++                       (no amulet)
HPRegen 0.29/turn                c - ring of resist corrosion
MPRegen 0.00/turn                (no ring)

@: freezing walls, flying
A: sickness immunity, fire resistance 2, cold vulnerability 1, float, innate
caster, HP casting, extra vitality 1
a: Renounce Religion


You were on level 5 of the Dungeon.
You worshipped Makhleb.
Makhleb was noncommittal.
You visited 2 branches of the dungeon, and saw 6 of its levels.

You collected 219 gold pieces.

Inventory:

Hand Weapons
 e - a +0 whip
 y - a +2 dagger of holy wrath
 A - a +2 quarterstaff of chaos (weapon)
Missiles
 d - 95 stones
Armour
 a - a +0 robe (worn)
 z - a +0 cloak of preservation (worn)
 C - a +0 pair of boots
Jewellery
 c - a ring of resist corrosion (left hand)
 i - a ring of fire
Wands
 w - a wand of polymorph (4)
Scrolls
 g - 4 scrolls of fog {unknown}
 j - 2 scrolls of teleportation
 l - 7 scrolls of identify {unknown}
 m - 2 scrolls of poison {unknown}
 o - 2 scrolls of amnesia {unknown}
 t - a scroll of enchant weapon {unknown}
 u - a scroll of blinking {unknown}
 B - a scroll of enchant armour {unknown}
Potions
 b - a potion of magic
 f - a potion of might {unknown}
 h - a potion of cancellation {unknown}
 k - 3 potions of haste {unknown}
 n - 3 potions of brilliance {unknown}
 p - 5 potions of lignification {unknown}
 q - a potion of degeneration {unknown}
 r - a potion of ambrosia {unknown}
 s - a potion of berserk rage {unknown}
 v - 3 potions of curing {unknown}
 x - a potion of heal wounds {unknown}


   Skills:
 * Level 3.0 Fighting
 + Level 0.3(0.4) Maces & Flails
 + Level 0.4(0.5) Staves
 + Level 2.5 Dodging
 + Level 2.1 Stealth
 * Level 7.4 Spellcasting


You had 4 spell levels left.
You knew the following spells:

 Your Spells              Type           Power      Damage    Failure   Level
a - Freeze                Ice            100%       1d10      1%          1
b - Frozen Ramparts       Ice            66%        1d10      1%          3
c - Ozocubu's Armour      Ice            33%        N/A       1%          3
d - Summon Ice Beast      Ice/Summ       33%        N/A       4%          4
e - Slow                  Hex            100%       N/A       1%          1
f - Passwall              Tmut/Erth      27%        N/A       1%          2
g - Lesser Beckoning      Tloc           66%        N/A       1%          3
Your spell library was empty.

Dungeon Overview and Level Annotations

Branches:
Dungeon (5/15)             Temple (1/1) D:4

Altars:
Dithmenos
Elyvilon
Gozag
Hepliaklqana
Makhleb
Nemelex Xobeh
Okawaru
Qazlal
Trog
Xom
Lugonu

Shops:
D:1 :   D:2 ([(((   D:3 !

Annotations:
D:2 Natasha
D:3 Grinder
D:5 Sigmund


Innate Abilities, Weirdness & Mutations

You are immune to sickness and miasma.
You are immune to poison.
Your flesh is very heat resistant. (rF++)
You are vulnerable to cold. (rC-)
You float through the air rather than walking.
You learn spells naturally, not from books.
Your magical power is your life essence.
You have superior vitality. (+4 MHP)


Message History

Aim: a yak (heavily wounded, slow)
You freeze the yak.
The yak is heavily wounded.
The wall freezes the yak.
Casting: Freeze (safe; 1% risk of failure)
Confirm with . or Enter, or press ? or * to list all spells.
Aiming: Freeze (safe; 1% risk of failure)
Press: ? - help, Shift-Dir - straight line, f/p - yak
Aim: a yak (heavily wounded, slow)
You freeze the yak.
The yak is severely wounded.
The wall freezes the yak!
The yak barely misses you.
The wall freezes the yak.
The yak gores you!
The wall freezes the yak but does no damage.
The yak closely misses you.
Casting: Freeze (safe; 1% risk of failure)
Confirm with . or Enter, or press ? or * to list all spells.
Aiming: Freeze (safe; 1% risk of failure)
Press: ? - help, Shift-Dir - straight line, f/p - yak
Aim: a yak (almost dead, slow)
You freeze the yak!
You kill the yak!
Makhleb accepts your kill.
The wall freezes the yak but does no damage.
The yak gores you!
* * * LOW HITPOINT WARNING * * *
The wall freezes the yak!
The yak misses you.
Your Fighting skill increases to level 3!
Okay, then.
Casting: Freeze (safe; 1% risk of failure)
Confirm with . or Enter, or press ? or * to list all spells.
Aiming: Freeze (safe; 1% risk of failure)
Press: ? - help, Shift-Dir - straight line, f - yak
Aim: a yak (almost dead, slow)
You freeze the yak!
You kill the yak!
Makhleb accepts your kill.
* * * LOW HITPOINT WARNING * * *
The wall freezes the yak.
The yak gores you!
You die...

....##....##..........#
....##....##....##....#
..........########÷##.####### #
................#.....#.....# #
................#.....#.....#####
#)#.####..########...##....##...#
..#.####..##....##...##.........#
#)#...'...#......Y...#...........
#.#...#...'.....@....'..!.....Y..
#.#..###.###.##.###..###?.###.###
))#.####+###.######.÷###..###.#
#.#............................
...............<................
.................................
.........).......................
.............................@.
..#####+###..##'#####.######.


You could see a yak.

Vanquished Creatures
  4 yaks (D:5)
  An ogre (D:4)
  A kobold brigand (D:3)
  A howler monkey (D:5)
  3 jellies
  Crazy Yiuf (D:4)
  2 hounds (D:4)
  Natasha (D:2)
  2 iguanas
  An orc wizard (D:5)
  3 gnolls (D:4)
  7 adders
  2 worms
  A dart slug (D:3)
  8 orcs
  8 ball pythons
  3 bats
  7 endoplasms
  A giant cockroach (D:3)
  7 goblins
  5 hobgoblins
  A quokka (D:2)
  A frilled lizard (D:2)
  19 kobolds
  2 rats (D:3)
92 creatures vanquished.

Notes
Turn   | Place    | Note
-------+----------+-------------------------------------------
     0 | D:1      | acebull12 the Djinni Ice Elementalist began the quest for
                  | the Orb.
     0 | D:1      | acebull12 set off with the following spells memorised:
                  | Freeze, Frozen Ramparts, Ozocubu's Armour, Summon Ice
                  | Beast.
     0 | D:1      | Reached XP level 1. HP: 15/15 MP: 0/0
   306 | D:1      | Reached XP level 2. HP: 16/22 MP: 0/0
   587 | D:1      | Found Kygikhlu's Book Boutique.
  1034 | D:2      | Noticed Natasha
  1109 | D:2      | Found Byamnoypu's Armour Boutique.
  1299 | D:2      | Found Cann's Antique Weapon Shoppe.
  1304 | D:2      | Reached XP level 3. HP: 23/26 MP: 0/0
  1304 | D:2      | Learned a level 1 spell: Slow
  1317 | D:2      | Found Taraes's Weapon Boutique.
  1514 | D:2      | Found Toseask's Weapon Shop.
  1631 | D:2      | Found Fucuh Toblo's Antique Weapon Shop.
  1724 | D:2      | Killed Natasha
  1725 | D:2      | Reached skill level 1 in Fighting
  1725 | D:2      | Reached skill level 4 in Spellcasting
  1725 | D:2      | Reached XP level 4. HP: 11/32 MP: 0/0
  1904 | D:3      | Noticed Grinder
  1960 | D:2      | Noticed Natasha
  2142 | D:3      | Found Weyh's Distillery.
  2306 | D:3      | Found a white marble altar of Elyvilon.
  2510 | D:3      | Reached XP level 5. HP: 27/37 MP: 0/0
  2510 | D:3      | Learned a level 2 spell: Passwall
  3055 | D:3      | Noticed a kobold brigand
  3097 | D:3      | Killed a kobold brigand
  3098 | D:3      | Reached XP level 6. HP: 29/43 MP: 0/0
  3831 | D:4      | Reached skill level 5 in Spellcasting
  3953 | D:4      | Noticed an ogre
  3961 | D:4      | Killed an ogre
  4076 | D:4      | Found a shimmering altar of Xom.
  4167 | D:4      | Found a staircase to the Ecumenical Temple.
  4175 | Temple   | Entered the Ecumenical Temple
  4218 | Temple   | Became a worshipper of Makhleb the Destroyer
  4301 | D:4      | Reached XP level 7. HP: 38/49 MP: 0/0
  4301 | D:4      | Learned a level 3 spell: Lesser Beckoning
  4309 | D:4      | Found an iron altar of Okawaru.
  4667 | D:4      | Found a runed translucent door.
  4668 | D:4      | Noticed Crazy Yiuf
  4759 | D:4      | Killed Crazy Yiuf
  4760 | D:4      | Reached skill level 6 in Spellcasting
  4883 | D:5      | Entered Level 5 of the Dungeon
  5068 | D:5      | Found a sparkling altar of Nemelex Xobeh.
  5307 | D:5      | Noticed Sigmund
  5318 | D:5      | Noticed a yak
  5348 | D:5      | Killed a yak
  5349 | D:5      | Reached XP level 8. HP: 33/54 MP: 0/0
  5697 | D:5      | Noticed a yak
  5697 | D:5      | Noticed a yak
  5697 | D:5      | Noticed a yak
  5698 | D:5      | Noticed a yak
  5722 | D:5      | Killed a yak
  5723 | D:5      | Reached skill level 7 in Spellcasting
  5727 | D:5      | Killed a yak
  5728 | D:5      | Killed a yak
  5728 | D:5      | Slain by a yak

Illustrated notes

Levels and vault maps discovered:
D:1:      lightli_arrival_lavapool, layout_basic, serial_shops, shop,
          chequers_serial_rivers_room_b, minmay_misc_feat_ornament,
          serial_park_tiny_1
D:2:      layout_loops_ring, serial_shops, shop, shop, shop,
          nicolae_lakefront_shop, shop, minivault_14, uniq_natasha
D:3:      cheibrodos_thug_alley, layout_basic, lemuel_doored_altar,
          serial_shops, shop_statue, hangedman_decor_growths,
          minmay_box_of_dots, uniq_grinder
D:4:      nicolae_cairo_tiling_very_big, layout_gridville,
          okawaru_altar_gauntlet_db, old_standard_altar,
          minmay_temple_entry_trees, cheibrodos_gnoll_hut,
          uniq_crazy_yiuf_cottage
D:5:      layout_gridville, mainiacjoe_overflow_cross_hatched, uniq_sigmund
Temple:   corrupted_temple

Skill      XL: |  1  2  3  4  5  6  7  8 |
---------------+-------------------------+-----
Fighting       | 1 2 3 |  3.0
Spellcasting   | 4 5 6 7 |  7.4
Stealth        | 2 |  2.1
Maces & Flails | |  0.3
Staves         | |  0.4
Dodging        | |  2.5

Action                   |  1- 3 |  4- 6 |  7- 9 || total
-------------------------+-------+-------+-------++-------
Melee: Whip              |    21 |    22 |       ||    43
       Punch             |     1 |       |       ||     1
       Quarterstaff      |       |       |    16 ||    16
Throw: Stone             |     1 |     1 |     2 ||     4
 Cast: Freeze            |    28 |    57 |    27 ||   112
       Frozen Ramparts   |       |    13 |    12 ||    25
       Slow              |       |    14 |    18 ||    32
       Passwall          |       |     6 |       ||     6
       Lesser Beckoning  |       |       |     3 ||     3
       Ozocubu's Armour  |       |       |     2 ||     2
  Use: Scroll            |       |     2 |       ||     2
 Stab: Sleeping          |     2 |     1 |     1 ||     4
Armor: Robe              |     6 |    10 |     3 ||    19
Dodge: Dodged            |    29 |    42 |    17 ||    88

Table legend: (Time is in decaauts)
 A = Elapsed time spent in this place.
 B = Non-inter-level travel time spent in this place.
 C = Inter-level travel time spent in this place.
 D = Time resting spent in this place.
 E = Time spent auto-exploring this place.
 F = Levels seen in this place.
 G = Mean time per level.
                   A        B        C        D        E       F      G
               +--------+--------+--------+--------+--------+-----+--------+
         Total |   5740 |   5099 |    641 |    301 |   3697 |   6 |  956.7 |
       Dungeon |   5680 |   5052 |    628 |    301 |   3675 |   5 | 1136.0 |
        Temple |     60 |     47 |     13 |      0 |     22 |   1 |   60.0 |
               +--------+--------+--------+--------+--------+-----+--------+

Top non-repeatable levels by time:
     D:3: 1626 daAuts
     D:4: 1139 daAuts
     D:1: 1079 daAuts
     D:2: 1048 daAuts
     D:5: 786 daAuts
  Temple: 60 daAuts
